AoeStats
← Corsican Pirate

Arena

507771315Analyzed
4v4 RM · 14d ago on Sep 19, 2026· 43m 29s· 8 players
Game mode
Random Map
Map size
Large (8 player)
Population
200
Speed
Normal
Resources
Standard
Victory
Conquest
Starting age
Dark Age
Ending age
Imperial Age
RankedLock teamsTeams togetherTeam positionsShared explorationLock speedFull tech treeHidden civsTurbo modeCheats
Victory
Defeat
🇧🇷 Britons · Brazil
1324
+14
🇲🇽 Franks · Mexico
1246
+17
🇵🇾 Italians · Paraguay
1234
+18
🇨🇳 Goths · China
1212
+19
🇸🇪 Celts · Sweden
1303
-18
🇲🇽 Dravidians · Mexico
1289
-18
🇲🇽 Cumans · Mexico
1256
-16
🇪🇸 Turks · Spain
1249
-16
Corsican Pirate
10:50 Feudal Age
9:06 Loom
15:04 Castle Age
13:44 Double-Bit Axe
15:02 Man-at-Arms
18:10 Long Swordsman
19:19 Bow Saw
18:51 Horse Collar
19:30 Scale Mail Armor
20:49 Bow Saw
21:10 Arson
22:00 Squires
23:54 Wheelbarrow
23:59 Bow Saw
23:51 Heavy Plow
24:51 Gambesons
27:31 Chain Mail Armor
27:52 Forging
28:19 Town Watch
30:16 Hand Cart
31:25 Elite Skirmisher
35:16 Imperial Age
33:19 Thumb Ring
33:16 Padded Archer Armor
33:07 Fletching
34:41 Ballistics
35:28 Elite Elephant Archer
36:37 Leather Archer Armor
36:18 Bodkin Arrow
37:55 Chemistry
39:34 Bracer
Imperial Skirmisher
9:43 Feudal Age
10:19 Double-Bit Axe
10:38 Horse Collar
13:50 Loom
19:09 Wheelbarrow
23:21 Castle Age
21:58 Forging
24:15 Bow Saw
24:08 Heavy Plow
27:19 Hand Cart
27:20 Scale Barding Armor
30:08 Imperial Age
28:15 Iron Casting
27:33 Gold Mining
27:41 Stone Mining
28:13 Bloodlines
29:03 Chain Barding Armor
29:19 Light Cavalry
31:01 Coinage
32:05 Two-Man Saw
33:11 Plate Barding Armor
32:38 Elite Steppe Lancer
34:20 Blast Furnace
33:18 Fletching
34:51 Chemistry
34:44 Conscription
34:25 Padded Archer Armor
35:01 Town Watch
36:09 Ballistics
36:50 Bodkin Arrow
37:46 Masonry
38:00 Steppe Husbandry
38:17 Leather Archer Armor
38:18 Elite Skirmisher
40:36 Ring Archer Armor
40:22 Hussar
Petit_Pois
11:47 Feudal Age
13:22 Double-Bit Axe
15:50 Castle Age
20:16 Imperial Age
19:05 Loom
30:38 Scale Barding Armor
32:05 Chain Barding Armor
32:33 Bloodlines
32:51 Husbandry
37:09 Plate Barding Armor
41:08 Wheelbarrow
40:49 Forging
Zâbina
10:34 Feudal Age
11:03 Double-Bit Axe
11:03 Horse Collar
16:17 Castle Age
17:26 Bow Saw
17:24 Heavy Plow
17:48 Fervor
21:20 Scale Mail Armor
22:42 Loom
23:48 Fortified Wall
25:16 Wheelbarrow
25:25 Town Watch
30:42 Imperial Age
28:17 Treadmill Crane
28:58 Gold Mining
29:47 Hand Cart
30:23 Caravan
31:34 Ballistics
30:59 Heavy Scorpion
31:05 Pikeman
31:46 Capped Ram
33:38 Siege Ram
34:09 Halberdier
35:43 Arson
36:54 Forging
36:44 Fletching
38:50 Gold Shaft Mining
38:06 Elite Skirmisher
39:41 Padded Archer Armor
39:37 Bodkin Arrow
Teniente Rada
10:17 Feudal Age
14:17 Castle Age
14:18 Double-Bit Axe
18:33 Bow Saw
18:59 Fervor
20:21 Wheelbarrow
19:33 Town Watch
23:21 Loom
24:21 Gold Mining
26:55 Fletching
32:15 Imperial Age
32:37 Husbandry
34:23 Gold Shaft Mining
34:42 Stone Mining
35:03 Cavalier
36:25 Scale Barding Armor
36:31 Forging
36:28 Paladin
37:40 Hand Cart
38:19 Chain Barding Armor
40:12 Iron Casting
40:12 Plate Barding Armor
41:55 Blast Furnace
WolffJesu
10:16 Feudal Age
11:31 Double-Bit Axe
14:53 Castle Age
13:27 Horse Collar
16:25 Bow Saw
24:59 Wheelbarrow
24:10 Loom
25:26 Gold Mining
25:26 Stone Mining
28:16 Imperial Age
27:14 Fletching
27:24 Padded Archer Armor
28:01 Bodkin Arrow
30:07 Chemistry
28:49 Crossbowman
29:38 Bracer
29:53 Leather Archer Armor
29:40 Scale Mail Armor
29:32 Arbalester
30:46 Fortified Wall
31:06 Conscription
31:18 Thumb Ring
32:50 Stone Shaft Mining
32:49 Ring Archer Armor
33:24 Forging
35:16 Squires
35:01 Arson
36:48 Town Watch
37:19 Chain Mail Armor
40:08 Masonry
41:26 Plate Mail Armor
JIANG
0:31 Loom
10:50 Feudal Age
11:48 Double-Bit Axe
16:34 Castle Age
16:06 Wheelbarrow
17:38 Bow Saw
17:49 Horse Collar
18:49 Heavy Plow
23:56 Town Watch
26:04 Hand Cart
31:01 Imperial Age
28:47 Squires
28:51 Scale Mail Armor
29:37 Anarchy
29:56 Chain Mail Armor
30:22 Forging
32:39 Iron Casting
32:37 Perfusion
32:57 Conscription
32:43 Town Patrol
33:15 Crop Rotation
32:42 Gold Mining
32:42 Stone Mining
34:06 Two-Man Saw
32:53 Man-at-Arms
33:48 Long Swordsman
34:22 Two-Handed Swordsman
36:05 Blast Furnace
35:25 Champion
35:50 Elite Huskarl
39:32 Stone Shaft Mining
38:23 Pikeman
39:26 Halberdier
40:39 Fletching
grain8720
11:19 Feudal Age
15:49 Castle Age
14:40 Horse Collar
14:45 Double-Bit Axe
16:41 Bow Saw
17:16 Heavy Plow
22:03 Wheelbarrow
23:00 Hand Cart
22:56 Loom
24:34 Fletching
24:45 Padded Archer Armor
25:31 Bodkin Arrow
26:20 Leather Archer Armor
26:11 Gold Mining
27:17 Ballistics
31:25 Imperial Age
29:53 Town Watch
32:15 Town Patrol
32:19 Bracer
33:23 Chemistry
33:32 Onager
35:12 Gold Shaft Mining
35:55 Conscription
35:56 Yeomen
35:39 Elite Longbowman
Connection lost

Rejoining the realm…

Still unreachable

The connection could not be restored.

Session expired

The server has moved on; the page needs a fresh start.